 Dungeon Crawl Stone Soup version 0.19-a0-805-g0a78ef0 (webtiles) character file.

471 Fubayashi the Digger (level 7, -2/36 HPs)
             Began as a Gargoyle Earth Elementalist on June 27, 2016.
             Slain by an orc priest
             ... wielding a +0 flail
              (7 damage)
             ... on level 3 of the Dungeon.
             The game lasted 00:22:53 (4486 turns).

Fubayashi the Digger (Gargoyle Earth Elementalist)  Turns: 4486, Time: 00:22:54

Health: -2/36      AC: 12    Str: 11    XL:     7   Next: 9%
Magic:  14/14      EV: 12    Int: 18    God:
Gold:   151        SH:  0    Dex: 10    Spells: 3 memorised, 7 levels left

rFire  . . .     SeeInvis .     x - +2 flail (protect)
rCold  . . .     Gourm    .     c - +0 robe
rNeg   + . .     Faith    .     (no shield)
rPois  ∞         Spirit   .     (no helmet)
rElec  +         Dismiss  .     r - +0 cloak
rCorr  +         Reflect  .     (no gloves)
SustAt .         Harm     .     (no boots)
MR     .....                    (no amulet)
Stlth  ++........               (no ring)
                                q - ring of resist corrosion

@: not resistant to hostile enchantments, unstealthy
A: negative energy resistance 1, electricity resistance, unbreathing,
petrification resistance, rot immunity, AC +4
a: no special abilities


You were on level 3 of the Dungeon.
You were not hungry.

You visited 1 branch of the dungeon, and saw 3 of its levels.

You collected 151 gold pieces.

Inventory:

Hand Weapons
 x - a +2 flail of protection (weapon)
Missiles
 b - 162 stones (quivered)
Armour
 c - a +0 robe (worn)
 r - a +0 cloak (worn)
 w - a cursed +0 shield
Jewellery
 q - a ring of resist corrosion (left hand)
Scrolls
 a - 3 scrolls of magic mapping {unknown}
 h - 2 scrolls of fear {unknown}
 m - a scroll of remove curse {unknown}
 n - 6 scrolls of identify {unknown}
 o - a scroll of noise {unknown}
 p - a scroll of random uselessness {unknown}
 t - 2 scrolls of teleportation {unknown}
 u - a scroll of immolation {unknown}
Potions
 f - a potion of heal wounds {unknown}
 g - a potion of degeneration {unknown}
 i - a potion of curing {unknown}
 k - a potion of invisibility {unknown}
 l - a potion of agility {unknown}
 z - a potion of lignification {unknown}
Books
 e - a book of Geomancy

   Spells                             Type                      Level
   a - Sandblast                      Earth                        1
   b - Passwall                       Transmutation/Earth          2
   c - Stone Arrow                    Conjuration/Earth            3
   d - Petrify                        Transmutation/Earth          4
   e - Lee's Rapid Deconstruction     Earth                        5
 s - a book of Burglary

   Spells                             Type                      Level
   a - Swiftness                      Charms/Air                   2
   b - Passwall                       Transmutation/Earth          2
   c - Passage of Golubria            Translocation                4
   d - Lee's Rapid Deconstruction     Earth                        5
   e - Darkness                       Hexes                        6
   f - Invisibility                   Hexes                        6
Comestibles
 d - 4 bread rations {@e1}
 j - 3 chunks of flesh
 v - a meat ration {@e1}


   Skills:
 + Level 0.0 Fighting
 + Level 0.0 Maces & Flails
 + Level 0.0 Armour
 + Level 1.5 Dodging
 - Level 2.1 Stealth
 + Level 0.0 Shields
 * Level 5.1 Spellcasting
 + Level 3.3 Conjurations
   Level 0.7 Transmutations
 + Level 5.7 Earth Magic


You had 7 spell levels left.
You knew the following spells:

 Your Spells              Type           Power        Failure   Level  Hunger
a - Sandblast             Erth           ####..       1%          1    None
b - Stone Arrow           Conj/Erth      ###...       10%         3    ##.....
c - Lee's Rapid Deconstr  Erth           ####......   41%         5    ######.


Dungeon Overview and Level Annotations

Branches:
Dungeon (3/15)

Altars:
Ashenzari
Trog
Zin


Innate Abilities, Weirdness & Mutations

You are resistant to torment.
Your stone body is resilient. (AC +4)
You are immune to poison.
You resist negative energy. (rN+)
You are resistant to electric shocks. (rElec)
You can survive without breathing.
You are immune to petrification.
You are immune to rotting.


Message History

The hobgoblin barely misses you. The adder bites you but does no damage.
The orc priest hits you but does no damage.
You barely miss the orc priest.
The orc priest is almost dead.
The adder bites you but does no damage.
The hobgoblin hits you but does no damage.
The adder bites you but does no damage.
The orc priest calls down the wrath of Beogh upon you.
Pain shoots through your body!
* * * LOW HITPOINT WARNING * * *
The hobgoblin hits you but does no damage.
You closely miss the orc priest.
The orc priest is almost dead.
The adder barely misses you. The orc priest misses you.
The adder bites you but does no damage.
The hobgoblin hits you but does no damage.
You closely miss the orc priest.
The orc priest is almost dead.
The orc priest hits you with a flail!
You die...

######...##########.#
#
.......#............#
# #...############ #
. ##.#.# #
....#####.###.### #
#.....>## #.. #
#######.###.###<#
##.#....... ..## ##@#
#... #ogS..# ####
...........
###.....##.. ...#.##
..###.# .. .# #.. ..


You could see an orc priest, an adder and a hobgoblin.

Vanquished Creatures
  3 eyes of draining (D:3)
  A scorpion (D:3)
  An orc wizard (D:3)
  3 gnolls (D:2)
  2 adders (D:2)
  4 worms (D:2)
  6 giant geckos
  2 orcs (D:3)
  12 bats
  2 giant cockroaches (D:1)
  4 goblins
  4 hobgoblins
  4 jackals (D:2)
  A quokka (D:2)
  2 ball pythons
  6 giant newts
  11 kobolds
  8 rats
76 creatures vanquished.

Notes
Turn   | Place    | Note
--------------------------------------------------------------
     0 | D:1      | Fubayashi the Gargoyle Earth Elementalist began the quest for the Orb.
     0 | D:1      | Reached XP level 1. HP: 10/10 MP: 3/3
   415 | D:1      | Reached XP level 2. HP: 3/15 MP: 2/5
  1374 | D:1      | Reached XP level 3. HP: 19/19 MP: 7/7
  1379 | D:1      | Learned a level 3 spell: Stone Arrow
  2405 | D:2      | Found a glowing silver altar of Zin.
  2447 | D:2      | Reached skill level 1 in Conjurations
  2447 | D:2      | Reached XP level 4. HP: 10/24 MP: 0/8
  2892 | D:2      | Found a shattered altar of Ashenzari.
  3314 | D:2      | Reached XP level 5. HP: 28/28 MP: 10/10
  3825 | D:3      | Noticed an eye of draining
  3855 | D:3      | Killed an eye of draining
  3855 | D:3      | Reached skill level 5 in Earth Magic
  3855 | D:3      | Reached XP level 6. HP: 32/32 MP: 0/12
  3962 | D:3      | Noticed an eye of draining
  4115 | D:3      | Noticed an eye of draining
  4120 | D:3      | Found a bloodstained altar of Trog.
  4139 | D:3      | Killed an eye of draining
  4226 | D:3      | Killed an eye of draining
  4352 | D:3      | Reached skill level 5 in Spellcasting
  4352 | D:3      | Reached XP level 7. HP: 28/36 MP: 14/14
  4359 | D:3      | Learned a level 5 spell: Lee's Rapid Deconstruction
  4486 | D:3      | Slain by an orc priest

Vault maps used:
D:1:      dpeg_arrival_ternary
D:2:      zin_academy, nicolae_ashenzari_panopticon
D:3:      trog_eyes_of_draining, bloody_makhleb, ecumenical_altar_1

Skill      XL: |  1  2  3  4  5  6 |
---------------+-------------------+-----
Spellcasting   | 3 4 5 |  5.1
Earth Magic    | 4 5 |  5.7
Conjurations   | 1 2 3 |  3.3
Dodging        | |  1.5
Stealth        | |  2.1
Transmutations | |  0.7

Action                   |  1- 3 |  4- 6 |  7- 9 || total
-------------------------+-------+-------+-------++-------
Melee: Unarmed           |    20 |       |       ||    20
       Club              |   124 |    40 |       ||   164
       Flail             |       |    35 |    15 ||    50
 Cast: Sandblast         |    43 |    69 |       ||   112
 Stab: Sleeping          |     3 |       |       ||     3
  Eat: Chunk             |     5 |     6 |     1 ||    12
Armor: Robe              |    72 |    36 |    13 ||   121
Dodge: Dodged            |   150 |    57 |    12 ||   219
